 Dungeon Crawl Stone Soup version 0.24.0-125-gc4c63601f3 (webtiles) character file.

Game seed: 1382538904672716974, levelgen mode: deterministic

356 LordColdy the Basher (level 6, 0/51 HPs)
             Began as a Minotaur Berserker on Feb 23, 2020.
             Was a Priest of Trog.
             Succumbed to a worker ant's poison
             ... on level 4 of the Dungeon.
             The game lasted 00:13:50 (2355 turns).

LordColdy the Basher (Minotaur Berserker)           Turns: 2355, Time: 00:13:51

Health: 0/51       AC:  7    Str: 22    XL:     6   Next: 36%
Magic:  5/5        EV: 10    Int:  4    God:    Trog [***...]
Gold:   186        SH:  0    Dex: 11    Spells: 5/5 levels left

rFire    x . .     SeeInvis +   b - +3 mace
rCold    + . .     Gourm    .   (no shield)
rNeg     . . .     Faith    .   q - +0 scale mail
rPois    .         Spirit   .   (helmet restricted)
rElec    .         Reflect  .   (no cloak)
rCorr    .         Harm     .   (no gloves)
MR       .....                  x - +0 pair of boots
Stlth    ..........             (no amulet)
HPRegen  0.17/turn              k - ring of ice
MPRegen  0.09/turn              f - ring of see invisible

@: lethally poisoned (0 -> -5), berserk cooldown, slowed, very slow
A: retaliatory headbutt, horns 2
a: Berserk, Trog's Hand, Renounce Religion


You were on level 4 of the Dungeon.
You worshipped Trog.
Trog was most pleased with you.
You were near starving.

You visited 1 branch of the dungeon, and saw 4 of its levels.

You collected 186 gold pieces.

Inventory:

Hand Weapons
 b - a +3 mace (weapon)
Armour
 l - a +0 ring mail
 q - a +0 scale mail (worn)
 x - a +0 pair of boots (worn)
Jewellery
 f - a ring of see invisible (right hand)
 k - a ring of ice (left hand)
 u - an uncursed ring of protection from cold {unknown}
 w - a +6 ring of protection {unknown}
Wands
 h - a wand of disintegration (6)
Scrolls
 a - 3 scrolls of teleportation {unknown}
 e - 2 scrolls of enchant weapon {unknown}
 g - a scroll of fear {unknown}
 i - 3 scrolls of identify {unknown}
 n - a scroll of fog {unknown}
 r - a scroll of immolation {unknown}
 v - 2 scrolls of remove curse {unknown}
Potions
 d - 2 potions of haste
 j - a potion of curing {unknown}
 m - 2 potions of agility {unknown}
 o - 2 potions of lignification {unknown}
 p - a potion of might {unknown}
 s - a potion of flight {unknown}
Comestibles
 c - 5 rations


   Skills:
 - Level 3.6 Fighting
 + Level 8.5 Maces & Flails
 - Level 2.4 Armour
 - Level 2.1 Dodging
 - Level 1.0 Stealth


You had 5 spell levels left.
You didn't know any spells.
Your spell library was empty.

Dungeon Overview and Level Annotations

Branches:
Dungeon (4/15)
 Temple: D:4-7

Altars:
Elyvilon
Hepliaklqana
Xom
The Shining One


Innate Abilities, Weirdness & Mutations

You reflexively headbutt those who attack you in melee.
You have a pair of horns on your head.


Message History

You feel sick.
Found a robe.
You hit the orc wizard.
The orc wizard is almost dead.
You are no longer berserk.
You are exhausted.
You feel yourself slow down. The orc wizard barely misses you.
You barely miss the orc wizard.
You headbutt the orc wizard, but do no damage.
The orc wizard is almost dead.
* * * LOW HITPOINT WARNING * * *
You feel sick.
The orc wizard points at you and mumbles some strange words.
The magic dart hits you but does no damage.
The orc wizard hits you but does no damage.
You sock the orc wizard!
You kill the orc wizard!
Trog accepts your kill.
Trog appreciates your killing of a magic user.
You die...

#.####......<..#
#.............##
#. ##.........# ..
#.## #.........#
#.# #..#
#.........#
#...##†#
#.).......#
#..)†###.........#
####...).......)##
#.@####........
#..)......#####.
#.#<.[.....#
...........o.
##...........#
............#
.......... .#.
..[....


There were no monsters in sight!

Vanquished Creatures
  A howler monkey (D:4)
  A crimson imp (D:3)
  2 orc priests (D:4)
  2 orc wizards
  2 worker ants (D:4)
  3 adders (D:3)
  A worm (D:3)
  2 dart slugs
  3 leopard geckos
  7 orcs
  A ball python (D:2)
  5 giant cockroaches
  11 goblins
  13 hobgoblins
  3 quokkas
  13 bats
  4 frilled lizards
  7 kobolds
  5 rats
86 creatures vanquished.

Notes
Turn   | Place    | Note
-------+----------+-------------------------------------------
     0 | D:1      | LordColdy the Minotaur Berserker began the quest for the
                  | Orb.
     0 | D:1      | Reached XP level 1. HP: 19/19 MP: 0/0
    16 | D:1      | Reached skill level 4 in Maces & Flails
    88 | D:1      | Reached XP level 2. HP: 15/26 MP: 1/1
   276 | D:1      | Reached ** piety under Trog
   759 | D:2      | Reached skill level 5 in Maces & Flails
   797 | D:2      | Reached XP level 3. HP: 31/31 MP: 2/2
   905 | D:2      | Found a glowing golden altar of the Shining One.
  1530 | D:3      | Reached XP level 4. HP: 19/39 MP: 3/3
  1634 | D:3      | Reached skill level 6 in Maces & Flails
  1643 | D:3      | Reached *** piety under Trog
  1651 | D:3      | Reached skill level 1 in Stealth
  2058 | D:3      | Reached skill level 7 in Maces & Flails
  2058 | D:3      | Reached XP level 5. HP: 39/45 MP: 4/4
  2066 | D:3      | Found a shimmering altar of Xom.
  2078 | D:3      | Found a white marble altar of Elyvilon.
  2078 | D:3      | Found a hazy altar of Hepliaklqana.
  2343 | D:4      | Reached skill level 8 in Maces & Flails
  2343 | D:4      | Reached XP level 6. HP: 9/51 MP: 5/5
  2354 | D:4      | HP: 1/51 [poisoned by a worker ant]
  2355 | D:4      | Succumbed to a worker ant's poison

Levels and vault maps discovered:
D:1:      dpeg_arrival_long_road, layout_rooms, minmay_misc_feat_ornament
D:2:      layout_loops_cross, tso_metal_star,
          hangedman_abyss_or_decor_lesser_grid
D:3:      layout_rooms, minitemple, first_ration
D:4:      layout_rooms, minmay_misc_feat_tiny, minmay_fire_ice_demons

Skill      XL: |  1  2  3  4  5 |
---------------+----------------+-----
Maces & Flails | 4 5 7 8 |  8.5
Stealth        | 1 |  1.0
Fighting       | |  3.6
Armour         | |  2.4
Dodging        | |  2.1

Action                   |  1- 3 |  4- 6 || total
-------------------------+-------+-------++-------
Melee: Mace              |    89 |    82 ||   171
       Headbutt          |     9 |     8 ||    17
Invok: Berserk           |       |     2 ||     2
 Stab: Sleeping          |     1 |       ||     1
  Eat: Chunk             |     2 |     3 ||     5
Armor: Animal skin       |    10 |       ||    10
       Ring mail         |     1 |     9 ||    10
       Scale mail        |       |    24 ||    24
Dodge: Dodged            |    84 |    38 ||   122
